 Dungeon Crawl Stone Soup version 0.18-a0-1418-ga86aa8f (webtiles) character file.

518 namelastname112 the Martial Artist (level 7, 74/85 HPs)
             Began as a Mottled Draconian Monk on Feb 27, 2016.
             Quit the game on level 4 of the Dungeon.
             The game lasted 00:04:51 (3290 turns).

namelastname112 the Martial Artist (DrMo)           Turns: 3290, Time: 00:04:51

Health: 74/85      AC:  7    Str: 19    XL:     7   Next: 1%
Magic:  7/7        EV: 13    Int: 10    God:
Gold:   218        SH:  0    Dex: 19    Spells: 0 memorised, 6 levels left

rFire  . . .     SeeInvis .       - Unarmed
rCold  . . .     Gourm    .     (armour unavailable)
rNeg   . . .     Faith    .     (no shield)
rPois  .         Spirit   .     (helmet restricted)
rElec  .         Dismiss  .     (no cloak)
rCorr  .         Reflect  .     (no gloves)
SustAt .         Harm     .     u - +0 pair of boots
MR     +....                    z - amulet of rage
Stlth  ..........               r - ring of protection from magic
                                p - +4 ring of dexterity

@: berserking, very quick, somewhat resistant to hostile enchantments, extremely
unstealthy
A: breathe sticky flame splash, unfitting armour, cold-blooded, AC +6
a: Breathe Sticky Flame, Evoke Berserk Rage


You were on level 4 of the Dungeon.
You were hungry.

You visited 1 branch of the dungeon, and saw 4 of its levels.

You collected 218 gold pieces.

Inventory:

Armour
 u - a +0 pair of boots (worn)
Jewellery
 p - a +4 ring of dexterity (left hand)
 r - a ring of protection from magic (right hand)
 v - an uncursed ring of protection from fire {unknown}
 z - an amulet of rage (around neck)
Scrolls
 b - 2 scrolls of random uselessness {unknown}
 c - a scroll of enchant armour {unknown}
 h - a scroll of fog {unknown}
 j - 5 scrolls of remove curse {unknown}
 k - a scroll of blinking {unknown}
 n - 2 scrolls of identify {unknown}
 s - a scroll of recharging {unknown}
 x - a scroll of enchant weapon {unknown}
 y - a scroll of amnesia {unknown}
Potions
 d - a potion of might {unknown}
 e - 2 potions of curing
 g - a potion of magic
 i - a potion of brilliance
 o - 2 potions of cancellation {unknown}
 t - a potion of ambrosia
 w - a potion of invisibility
Comestibles
 a - 3 bread rations
 f - 5 meat rations
 l - 4 fruits
 m - 2 slices of pizza
 q - a beef jerky


   Skills:
 - Level 3.2 Fighting
 - Level 2.6 Dodging
 - Level 1.7 Stealth
 + Level 8.5 Unarmed Combat


You had 6 spell levels left.
You didn't know any spells.

Dungeon Overview and Level Annotations

Branches:
Dungeon (4/15)
 Temple: D:4-7

Altars:
Nemelex Xobeh
Okawaru
Zin

Shops:
D:4 (


Innate Abilities, Weirdness & Mutations

You can spit globs of burning liquid.
You can ignite nearby creatures when you spit burning liquid.
Your weird mottled scales are hard (AC +6).
Your body does not fit into most forms of armour.
You are cold-blooded and may be slowed by cold attacks.


Message History

A red film seems to cover your vision as you go berserk!
You feel yourself moving faster!
You feel mighty!
You barely miss namelastname112's ghost.
Namelastname112's ghost hits you.
You punch namelastname112's ghost!
You tail-slap namelastname112's ghost, but do no damage.
Namelastname112's ghost is moderately damaged.
You punch namelastname112's ghost!
Namelastname112's ghost is heavily damaged.
Namelastname112's ghost hits you!
You pummel namelastname112's ghost!!
You destroy namelastname112's ghost!
Your Unarmed Combat skill increases to level 8!
You have reached level 7!
Your scales start taking on a weird mottled colour.
You learn Fire Magic quicker.
You can spit globs of burning liquid.
You can ignite nearby creatures when you spit burning liquid.
You start resting.
You feel a strong urge to attack something.
Are you sure you want to abandon this character and quit the game? (Confirm with "yes".)

#######.##..#.#
#.........#
#.........#
#...##..###
#...##..#
#..###..# #..#
#..# #..# #..#
#@.# #..#
.........#
.######.## #.#
..# #.# #.# #.#


There were no monsters in sight!

Vanquished Creatures
  Sigmund (D:2)
  The ghost of namelastname112 the Ruffian, an amateur DrMo (D:4)
  The ghost of namelastname112 the Ruffian, a weakling DrMo (D:3)
  An orc priest (D:4)
  An iguana (D:3)
  Robin (D:2)
  An adder (D:2)
  An ooze (D:3)
  A worm (D:2)
  2 dart slugs
  3 giant geckos
  5 orcs
  3 giant cockroaches
  14 goblins
  10 hobgoblins
  5 jackals
  9 kobolds
  2 ball pythons
  5 bats
  5 giant newts
  4 rats
76 creatures vanquished.

Notes
Turn   | Place    | Note
--------------------------------------------------------------
     0 | D:1      | namelastname112 the Draconian Monk began the quest for the Orb.
     0 | D:1      | Reached XP level 1. HP: 19/19 MP: 1/1
    53 | D:1      | Reached XP level 2. HP: 8/26 MP: 2/2
   742 | D:2      | Reached skill level 5 in Unarmed Combat
   742 | D:2      | Reached XP level 3. HP: 31/31 MP: 3/3
   821 | D:2      | Noticed Robin
   942 | D:2      | Killed Robin
  1357 | D:2      | Noticed Sigmund
  1381 | D:2      | Killed Sigmund
  1381 | D:2      | Reached skill level 7 in Unarmed Combat
  1381 | D:2      | Reached XP level 4. HP: 38/38 MP: 4/4
  1381 | D:2      | Reached XP level 5. HP: 45/45 MP: 5/5
  1811 | D:3      | Noticed namelastname112's ghost (weakling DrMo)
  1838 | D:3      | Killed namelastname112's ghost
  1838 | D:3      | Reached XP level 6. HP: 18/51 MP: 6/6
  2515 | D:3      | Found an iron altar of Okawaru.
  2781 | D:4      | Found Heimussi's Weapon Boutique.
  2871 | D:4      | Noticed namelastname112's ghost (amateur DrMo)
  3178 | D:4      | Found a sparkling altar of Nemelex Xobeh.
  3184 | D:4      | Found a glowing silver altar of Zin.
  3287 | D:4      | Killed namelastname112's ghost
  3287 | D:4      | Reached skill level 8 in Unarmed Combat
  3287 | D:4      | Your scales start taking on a weird mottled colour.
  3287 | D:4      | Reached XP level 7. HP: 57/57 MP: 7/7
  3290 | D:4      | Quit the game

Vault maps used:
D:1:      minmay_arrival_shattered_statue
D:2:      uniq_robin, uniq_sigmund
D:3:      kennysheep_okawaru_gauntlet
D:4:      kennysheep_little_box, kennysheep_mini, kennysheep_mini_moat,
          first_bread, serial_shops, shop

Skill      XL: |  1  2  3  4  5  6 |
---------------+-------------------+-----
Unarmed Combat | 5 7 8 |  8.5
Fighting       | |  3.2
Dodging        | |  2.6
Stealth        | |  1.7

Action                   |  1- 3 |  4- 6 |  7- 9 || total
-------------------------+-------+-------+-------++-------
Melee: Unarmed           |   108 |   120 |       ||   228
 Abil: Evoke Berserk Rag |       |     1 |       ||     1
  Use: Potion            |     7 |       |       ||     7
 Stab: Sleeping          |     3 |     5 |       ||     8
  Eat: Chunk             |     1 |     6 |       ||     7
